 Dungeon Crawl Stone Soup version 0.32-a0-643-ga006e7742e (webtiles) character file.

Game seed: 11845650411262424033

147 backslashecho the Ruffian (level 5, 0/67 HPs)
             Began as a Draconian Shapeshifter on Mar 7, 2024.
             Slain by a gnoll
             ... wielding a +0 spear
              (4 damage)
             ... on level 4 of the Dungeon.
             The game lasted 00:04:51 (2433 turns).

backslashecho the Ruffian (Draconian Shapeshifter)  Turns: 2433, Time: 00:04:52

Health: 0/67       AC: 22    Str: 16    XL:     5   Next: 7%
Magic:  5/5        EV:  2    Int: 10    God:
Gold:   91         SH:  0    Dex: 13    Spells: 4/4 levels left

rFire   . .          .
                       - Unarmed
rCold   . . .        (no shield)
rNeg    . . .        (body armour unavailable)
rPois   +            (helmet currently unavailable)
rElec   .            (cloak currently unavailable)
rCorr   .            (gloves currently unavailable)
SInv    .            (boots currently unavailable)
Will    .....        (no amulet)
Stlth   +            (no ring)
HPRegen 0.31/turn    (no ring)
MPRegen 0.09/turn

%: no passive effects
@: tree-form
A: stationary, stasis, torment immunity, boosted hp, AC +5, unfitting armour,
(cold-blooded)
a: no special abilities


You were on level 4 of the Dungeon.
You were a tree.
You visited 1 branch of the dungeon, and saw 4 of its levels.

You collected 91 gold pieces.

Inventory:

Missiles
 r - 3 poisoned darts (quivered)
Jewellery
 j - a ring of wizardry
 n - an amulet of guardian spirit
 o - a ring of flight
Talismans
 b - a beast talisman (active)
 c - a flux talisman
 p - a maw talisman
Scrolls
 d - a scroll of fear {unknown}
 f - a scroll of enchant weapon {unknown}
 g - a scroll of summoning {unknown}
 h - a scroll of immolation {unknown}
 i - 2 scrolls of identify {unknown}
 l - 2 scrolls of teleportation {unknown}
 t - a scroll of amnesia {unknown}
Potions
 a - a potion of lignification
 e - a potion of resistance {unknown}
 k - a potion of curing {unknown}
 m - 2 potions of haste {unknown}
 q - a potion of enlightenment {unknown}
 s - a potion of cancellation {unknown}


   Skills:
 + Level 3.1 Fighting
 - Level 2.0 Dodging
 * Level 5.0 Unarmed Combat
 - Level 3.0 Shapeshifting


You had 4 spell levels left.
You didn't know any spells.
Your spell library contained the following spells:

 Spells                   Type           Power      Damage    Failure   Level
 Apportation              Tloc           0%         N/A       36%         1
 Necrotise                Necr           0%         1d4       36%         1
 Sting                    Conj/Alch      0%         1d3       36%         1
 Summon Small Mammal      Summ           0%         N/A       36%         1
 Olgreb's Toxic Radiance  Alch           0%         N/A       98%         4
 Ozocubu's Refrigeration  Ice            0%         4d7       100%        7
 Discord                  Hex            0%         N/A       100%        8


Dungeon Overview and Level Annotations

Branches:
Dungeon (4/15)
 Temple: D:4-7

Altars:
Yredelemnul

Annotations:
D:2 1 runed translucent door, Crazy Yuif cloak of Will, Crazy Yiuf


Innate Abilities, Weirdness & Mutations

You are a tree.
Your roots penetrate the ground, keeping you stationary.
You cannot be teleported.
You are immune to unholy pain and torment.
Your maximum health is greatly increased.
Your equipment is partially melded.
((Your plain brown scales are hard. (AC +5)))
You cannot fit into any form of body armour.
((You are cold-blooded and may be slowed by cold attacks.))


Message History

There is an open door here.
There is a stone staircase leading down here.
You climb downwards.
There is a stone staircase leading up here.
You climb upwards.
There is a stone staircase leading down here.
You see here a hobgoblin skeleton.
You see here a +0 rapier.
There is a stone staircase leading down here.
You climb downwards.
There is a stone staircase leading up here.
Found a stone staircase leading down.
There is a stone staircase leading down here.
You open the door.
There is an open door here.
m - 2 fizzy blue potions (gained 1)
There is an open door here.
Found a basalt altar of Yredelemnul.
No target in view!
No target in view!
No target in view!
A gnoll comes into view. It is wielding a +2 whip of venom.
The gnoll shouts!
You hear a shout! x4
A gnoll comes into view.
It is wielding a +0 club and quivering 2 throwing nets.
A gnoll comes into view. It is wielding a +0 spear.
The gnoll shouts!
You see here a scroll labelled ADOOSEOH EZIM.
There are monsters nearby!
The gnoll hits you with a +2 whip of venom.
A hobgoblin comes into view.
You take 6 damage, and have 32/38 hp.
You hit the gnoll.
The gnoll is moderately wounded.
The gnoll hits you from afar with a +0 spear.
You take 2 damage, and have 30/38 hp.
You punch the gnoll!
Your tail-slap misses the gnoll.
The gnoll is almost dead.
The gnoll hits you but does no damage.
The gnoll hits you with a +2 whip of venom.
You are poisoned.
You take 5 damage, and have 25/38 hp.
You feel very sick. The gnoll attacks as it pursues you!
The gnoll hits you with a +2 whip of venom.
You are lethally poisoned!
You take 8 damage, and have 17/38 hp.
MASSIVE DAMAGE!!
You feel very sick.
You take 4 damage, and have 13/38 hp.
* * * LOW HITPOINT WARNING * * *
You feel very sick.
You take 2 damage, and have 11/38 hp.
* * * LOW HITPOINT WARNING * * *
You feel very sick.
You take 3 damage, and have 8/38 hp.
* * * LOW HITPOINT WARNING * * *
You feel sick.
You take 2 damage, and have 6/38 hp.
Your transformation has ended.
You turn into a tree.
Your roots penetrate the ground.
You feel sick. The gnoll hits you but does no damage.
You now have 8/57 hp.
Okay, then.
You are quite poisoned (8 -> 3).
You are a tree.
Your movement speed is average.
Your attack delay is about 0.9.
Your damage rating with unarmed combat is about 19 (Base [12 + 4 (UC)] x 115% (Str) x 105% (Fight)).
Unknown command.
You smack the gnoll!
You kill the gnoll!
You feel sick. The gnoll hits you but does no damage.
You take 1 damage, and have 7/57 hp.
You aren't carrying any items that you can evoke.
Okay, then.
Throw: 5 darts (poison)
Press: ? - help, Q - select action Shift-Dir - straight line, f - gnoll
Aim: a gnoll, wielding a +0 spear (58% to hit)
You throw a poisoned dart. The poisoned dart hits the gnoll.
The gnoll is poisoned.
You feel sick. The gnoll hits you but does no damage.
You take 1 damage, and have 6/57 hp.
You smack the gnoll!
You punch the gnoll.
You kill the gnoll!
You feel sick. The gnoll barely misses you.
Your Unarmed Combat skill increases to level 5!
You have reached level 5!
MP restored: 5 Throw: 4 darts (poison)
Press: ? - help, Q - select action Shift-Dir - straight line, f/p - gnoll
Aim: a gnoll, wielding a +0 spear (lightly wounded, poisoned, 58% to hit)
You throw a poisoned dart. The poisoned dart hits the gnoll.
The gnoll looks even sicker.
The gnoll is lightly wounded.
You feel sick. The gnoll barely misses you.
You completely miss the hobgoblin.
You feel sick. The gnoll hits you but does no damage.
The hobgoblin hits you but does no damage.
You take 1 damage, and have 5/67 hp.
You closely miss the hobgoblin.
You feel sick.
You are no longer poisoned.
The gnoll hits you from afar with a +0 spear.
You die...

. #≈...#..≈# #.# #
#≈.#....≈###.# #
#≈....#..'.#.# #
#≈..#...≈#...#
#≈≈....≈≈###.#
##≈≈≈≈≈≈## #.#
################.#
................>#
#######♣########.#
########g# #.#
........g########.#
........#........#
..#.#....#.######.#
..._...?.# #.#
#.#.#.........# #.#
#....###.##.# #.#
####. g.. #.#


You could see a gnoll (very poisoned) and a hobgoblin.

Vanquished Creatures
  A hound (D:4)
  Robin (D:2)
  2 gnolls (D:4)
  2 adders (D:3)
  3 dart slugs
  A ribbon worm (D:1)
  4 endoplasms
  2 giant cockroaches
  9 goblins
  7 hobgoblins
  2 jackals (D:2)
  3 quokkas
  8 ball pythons
  5 bats
  4 frilled lizards
  3 kobolds
  3 rats
60 creatures vanquished.

Vanquished Creatures (others)
  A ball python (D:1)
1 creature vanquished.

Grand Total: 61 creatures vanquished

Notes
Turn   | Place    | Note
-------+----------+-------------------------------------------
     0 | D:1      | backslashecho the Draconian Shapeshifter began the quest
                  | for the Orb.
     0 | D:1      | Reached XP level 1. HP: 16/16 MP: 1/1
   132 | D:1      | Reached XP level 2. HP: 23/23 MP: 2/2
   694 | D:2      | Identified the +4 falchion of Paukkou {speed, rC- Str+4}
   730 | D:2      | Reached XP level 3. HP: 26/29 MP: 3/3
   980 | D:2      | Identified the +0 hammer of Slime {flame, rC+}
   983 | D:2      | Found a runed translucent door.
   984 | D:2      | Noticed Crazy Yiuf
  1142 | D:2      | Noticed Robin
  1152 | D:2      | Reached skill level 4 in Unarmed Combat
  1220 | D:2      | Killed Robin
  1660 | D:3      | Reached XP level 4. HP: 36/37 MP: 4/4
  1708 | D:3      | Found a faded altar of an unknown god.
  2414 | D:4      | Found a basalt altar of Yredelemnul.
  2431 | D:4      | Reached skill level 5 in Unarmed Combat
  2431 | D:4      | Reached XP level 5. HP: 6/45 MP: 5/5
  2433 | D:4      | Slain by a gnoll

Illustrated notes

Levels and vault maps discovered:
D:1:      grunt_arrival_lava_bath, layout_loops_cross
D:2:      layout_basic, uniq_crazy_yiuf_cottage, uniq_robin
D:3:      layout_basic, nicolae_ecumenical_snake_handling, minivault_27,
          hex_intersection
D:4:      layout_basic, nicolae_overflow_crystal_walls, lemuel_crystal_altar,
          minmay_temple_entry_mist, hellmonk_ghost_happy_afterlife,
          serial_shops, nicolae_shop_getting_attention,
          amcnicky_mini_corridor_feature, kennysheep_another_room

Skill      XL: |  1  2  3  4 |
---------------+-------------+-----
Dodging        | 2 |  2.0
Fighting       | 2 3 |  3.1
Unarmed Combat | 4 5 |  5.0
Shapeshifting  | |  3.0

Action                     |  1- 3 |  4- 6 || total
---------------------------+-------+-------++-------
  Melee: Unarmed           |   117 |    49 ||   166
         Tailslap          |     7 |     4 ||    11
         Punch             |       |     2 ||     2
  Throw: Dart              |       |     2 ||     2
    Use: Potion            |       |     1 ||     1
   Stab: Sleeping          |     1 |     1 ||     2
 Armour: Skin              |    60 |    39 ||    99
  Dodge: Dodged            |    70 |    29 ||    99

Table legend: (Time is in decaauts)
 A = Elapsed time spent in this place.
 B = Non-inter-level travel time spent in this place.
 C = Inter-level travel time spent in this place.
 D = Time resting spent in this place.
 E = Time spent auto-exploring this place.
 F = Levels seen in this place.
 G = Mean time per level.
                   A        B        C        D        E       F      G
               +--------+--------+--------+--------+--------+-----+--------+
         Total |   2422 |   2239 |    183 |      5 |   1747 |   4 |  605.5 |
       Dungeon |   2422 |   2239 |    183 |      5 |   1747 |   4 |  605.5 |
               +--------+--------+--------+--------+--------+-----+--------+

Top non-repeatable levels by time:
     D:2: 1038 daAuts
     D:3: 656 daAuts
     D:1: 603 daAuts
     D:4: 124 daAuts
